AoeStats
← MIKES BREAKROOM

Arabia

506772879Analyzed
1v1 RM · 18d ago on Sep 15, 2026· 55m 27s· 2 players
Game mode
Random Map
Map size
Tiny (2 player)
Population
200
Speed
Normal
Resources
Standard
Victory
Conquest
Starting age
Dark Age
Ending age
Imperial Age
RankedLock teamsTeams togetherTeam positionsShared explorationLock speedFull tech treeHidden civsTurbo modeCheats
Victory
Defeat
🇦🇷 Franks · Argentina
758
+18
🇺🇸 Magyars · United States
803
-18
Grabyzz (Shady)
7:19 Loom
10:21 Feudal Age
12:50 Double-Bit Axe
23:02 Castle Age
21:30 Scale Barding Armor
21:23 Gold Mining
22:10 Forging
23:08 Padded Archer Armor
24:24 Gold Shaft Mining
23:11 Elite Skirmisher
25:32 Husbandry
27:57 Fletching
29:12 Bodkin Arrow
32:46 Chain Barding Armor
33:02 Iron Casting
36:39 Imperial Age
36:34 Bow Saw
38:36 Plate Barding Armor
38:36 Cavalier
42:30 Blast Furnace
47:00 Ballistics
47:41 Chemistry
49:41 Paladin
MIKES BREAKROOM
8:53 Loom
11:17 Feudal Age
12:21 Horse Collar
12:35 Double-Bit Axe
20:40 Gold Mining
24:39 Castle Age
24:24 Stone Mining
36:06 Fletching
39:56 Corvinian Army
40:28 Bow Saw
40:55 Gold Shaft Mining
40:24 Heavy Plow
41:19 Padded Archer Armor
50:07 Imperial Age
48:05 Scale Barding Armor
47:45 Elite Skirmisher
49:37 Pikeman
51:19 Conscription
51:28 Chain Barding Armor
51:35 Parthian Tactics
52:43 Hoardings
53:36 Heavy Cavalry Archer
55:02 Elite Magyar Huszar
Connection lost

Rejoining the realm…

Still unreachable

The connection could not be restored.

Session expired

The server has moved on; the page needs a fresh start.